 Dungeon Crawl Stone Soup version 0.28.0-47-ge53b351184 (webtiles) character file.

Game seed: 17963475399469785720

7968 Zeld the Fighter (level 11, -12/151 HPs)
             Began as a Minotaur Fighter on Apr 25, 2022.
             Was a Priest of Trog.
             Mangled by a gargoyle
             ... wielding a +0 morningstar
              (19 damage)
             ... on level 10 of the Dungeon.
             The game lasted 00:11:23 (13085 turns).

Zeld the Fighter (Minotaur Fighter)                Turns: 13085, Time: 00:11:23

Health: -12/151    AC: 12    Str: 27    XL:     11   Next: 3%
Magic:  10/10      EV: 12    Int:  5    God:    Trog [***...]
Gold:   117        SH:  5    Dex: 10    Spells: 10/10 levels left

rFire   . . .      SeeInvis .   a - +11 broad axe of the Beast {venom, Str+2}
rCold   . . .      Faith    .   c - +0 buckler
rNeg    . . .      Spirit   .   b - +0 scale mail
rPois   +          Reflect  .   A - +2 hat
rElec   .          Harm     .   (no cloak)
rCorr   .          Rampage  .   e - +0 pair of gloves
Will    .....                   s - +0 pair of boots
Stlth   ..........              (no amulet)
HPRegen 0.35/turn               w - ring of poison resistance
MPRegen 0.12/turn               D - ring of flight

@: berserking, flying, very quick
A: horns 2, retaliatory headbutt
a: Renounce Religion, Berserk, Trog's Hand


You were on level 10 of the Dungeon.
You worshipped Trog.
Trog was most pleased with you.
You visited 2 branches of the dungeon, and saw 11 of its levels.

You collected 453 gold pieces.
You spent 336 gold pieces at shops.

Inventory:

Hand Weapons
 a - the +11 broad axe of the Beast (weapon) {venom, Str+2}
   (You bought it in a shop on level 2 of the Dungeon)

   It poisons the flesh of those it strikes.
   Str:       It affects your strength (+2).
Armour
 b - a +0 scale mail (worn)
 c - a +0 buckler (worn)
 e - a +0 pair of gloves (worn)
 s - a +0 pair of boots (worn)
 A - a +2 hat (worn)
Jewellery
 w - a ring of poison resistance (left hand)
 D - a ring of flight (right hand)
Wands
 l - a wand of flame (2)
 t - a wand of iceblast (2)
 C - a wand of charming (6)
Scrolls
 h - a scroll of summoning
 i - 6 scrolls of teleportation
 k - a scroll of magic mapping
 m - 4 scrolls of brand weapon
 o - a scroll of fear
 q - 2 scrolls of acquirement {unknown}
 r - a scroll of enchant weapon {unknown}
 v - 4 scrolls of enchant armour
 y - a scroll of vulnerability {unknown}
Potions
 d - 2 potions of flight {unknown}
 f - 2 potions of brilliance {unknown}
 g - 3 potions of heal wounds {unknown}
 j - a potion of lignification {unknown}
 n - a potion of cancellation {unknown}
 p - 5 potions of curing {unknown}
 u - 4 potions of degeneration {unknown}
 x - 2 potions of resistance {unknown}
Miscellaneous
 z - a phial of floods


   Skills:
 * Level 10.7 Fighting
 * Level 10.5 Axes
 + Level 8.0 Armour
 + Level 6.3 Dodging
 + Level 5.2 Stealth
 + Level 7.9 Shields
 + Level 2.6 Evocations


You had 10 spell levels left.
You didn't know any spells.
Your spell library was empty.

Dungeon Overview and Level Annotations

Branches:
Dungeon (10/15)            Temple (1/1) D:5
   Lair: D:8-11         Orc: D:9-12

Altars:
Ashenzari
Cheibriados
Dithmenos
Elyvilon
Fedhas
Gozag
Hepliaklqana
Kikubaaqudgha
Makhleb
Nemelex Xobeh
Okawaru
Qazlal
Ru
Sif Muna
Trog
Uskayaw
Vehumet
Wu Jian
Xom
Yredelemnul
Zin
The Shining One

Shops:
D:2 (   D:5 [   D:6 [   D:8 [   D:10 [

Annotations:
D:3 Natasha
D:5 3 runed translucent doors, amijlee's ghost, novice HOFi


Innate Abilities, Weirdness & Mutations

You have a pair of horns on your head.
You reflexively headbutt those who attack you in melee.


Message History

You kill the black bear!
Trog accepts your kill.
The gargoyle hurls a stone arrow at you.
The stone arrow misses you. The water moccasin closely misses you.
You furiously retaliate!
You headbutt the water moccasin! You slice the water moccasin!!
You kill the water moccasin!
Trog accepts your kill.
The gargoyle hurls a stone arrow at you.
You block the stone arrow.
The wyvern hisses menacingly.
You hit the gargoyle but do no damage.
You headbutt the gargoyle, but do no damage.
The gargoyle closely misses you.
You slash the gargoyle! Your headbutt misses the gargoyle.
The gargoyle is moderately damaged.
You slash the wyvern!
The wyvern is poisoned.
The wyvern bites you!
The gargoyle hits you with a +0 morningstar!
* * * LOW HITPOINT WARNING * * *
You are too injured to fight recklessly!
Unknown command.
You block the wyvern's attack. The wyvern bites you.
* * * LOW HITPOINT WARNING * * *
As you read the scroll of fear, it crumbles to dust.
You assume a fearsome visage.
The wyvern looks frightened!
The gargoyle is unaffected.
The black bear looks frightened!
A red film seems to cover your vision as you go berserk!
You feel yourself moving faster!
You feel mighty!
The gargoyle hits you with a +0 morningstar!
* * * LOW HITPOINT WARNING * * *
You closely miss the gargoyle.
The gargoyle is moderately damaged.
The gargoyle hurls a stone arrow at you.
The stone arrow hits you!!
* * * LOW HITPOINT WARNING * * *
You slash the gargoyle!
The gargoyle is heavily damaged.
The gargoyle hits you with a +0 morningstar!!
You die...

..#.###..##..<##.##
........##.####..# #.#
##..#..# ##.#
#.###.....######.##
##..##.#†≈.≈≈..≈≈.≈.
##.⌠.†#...≈≈≈≈≈≈≈.≈≈≈
#...∩....≈≈≈≈≈≈≈≈≈≈≈.
#.#9.⌠..≈≈≈≈≈≈≈≈≈≈.≈≈
#...@..#≈≈≈≈.≈≈≈≈≈.≈≈
♣....#...#≈≈≈≈#≈≈≈≈≈.≈.
♣..l♣#......#≈≈≈≈#..###...
..♣ ...#..#.#≈≈≈≈#........
. .h.##.#####≈≈≈# ..##...
...P. ..# #≈####.###..
..♣## .## #......^. .. ..
#...###.. #<...##..


You could see a black bear (fleeing), a wyvern (fleeing, very poisoned) and a
gargoyle.

Vanquished Creatures
  Pikel (D:5)
  Maggie (D:9)
  Grinder (D:6)
  2 hornets
  8 yaks
  4 wyverns
  2 wraiths
  2 vampire mosquitoes (D:10)
  A steam dragon (D:9)
  4 water moccasins
  5 black bears
  2 orc warriors (D:9)
  A sky beast (D:6)
  An ice beast (D:5)
  The ghost of Jingleheimer the Cudgeller, an amateur MiFi (D:3)
  2 ogres
  A necrophage (D:5)
  A wolf (D:6)
  3 lemures
  2 kobold brigands
  4 gnoll sergeants
  2 bullfrogs
  2 scorpions
  5 killer bees (D:8)
  5 wights (D:8)
  An electric eel (D:7)
  A howler monkey (D:6)
  3 centaur zombies
  4 gnoll shamans
  3 hounds
  2 jellies (D:5)
  6 orc priests
  Natasha (twice) (D:3)
  4 iguanas
  12 orc wizards
  A killer bee zombie (D:8)
  A hound skeleton (D:4)
  Robin (D:4)
  A howler monkey skeleton (D:4)
  23 gnolls
  7 adders
  3 white imps
  A worm (D:4)
  A dart slug (D:1)
  47 orcs
  7 ball pythons
  5 bats
  5 endoplasms
  A giant cockroach (D:3)
  13 goblins
  10 hobgoblins
  A jackal (D:6)
  14 kobolds
  A ball python zombie (D:3)
  6 frilled lizards
  4 rats
254 creatures vanquished.

Vanquished Creatures (others)
  An orc (D:9)
  A bush (D:10)
  A fungus (D:10)
  18 plants
21 creatures vanquished.

Grand Total: 275 creatures vanquished

Notes
Turn   | Place    | Note
-------+----------+-------------------------------------------
     0 | D:1      | Zeld the Minotaur Fighter began the quest for the Orb.
     0 | D:1      | Reached XP level 1. HP: 19/19 MP: 0/0
   227 | D:1      | Reached XP level 2. HP: 26/27 MP: 1/1
   264 | D:1      | Found a faded altar of an unknown god.
  1195 | D:2      | Found Taesaod's Antique Weapon Shoppe.
  1222 | D:2      | Reached XP level 3. HP: 13/33 MP: 2/2
  1987 | D:3      | Noticed Jingleheimer's ghost (amateur MiFi)
  1996 | D:3      | Found a runed translucent gate.
  1996 | D:3      | Found a runed translucent gate.
  2089 | D:3      | Found a runed translucent gate.
  2117 | D:3      | Reached skill level 1 in Dodging
  2724 | D:3      | Reached skill level 1 in Stealth
  2726 | D:3      | HP: 1/33 [something (3)]
  2731 | D:3      | Reached XP level 4. HP: 1/41 MP: 3/3
  3441 | D:3      | Noticed Natasha
  3448 | D:3      | Killed Natasha
  3449 | D:3      | Reached XP level 5. HP: 37/47 MP: 4/4
  3718 | D:3      | Noticed Natasha
  3744 | D:3      | Killed Natasha
  4119 | D:4      | Noticed Robin
  4137 | D:4      | Killed Robin
  4212 | D:4      | Reached skill level 5 in Fighting
  4317 | D:4      | Reached XP level 6. HP: 56/56 MP: 5/5
  4674 | D:3      | Noticed Natasha
  4754 | D:4      | Reached skill level 5 in Axes
  5253 | D:5      | Entered Level 5 of the Dungeon
  5261 | D:5      | Found Niohool's Antique Armour Shop.
  5308 | D:5      | Reached XP level 7. HP: 43/62 MP: 6/6
  5632 | D:6      | Noticed Pikel
  5636 | D:6      | Reached skill level 5 in Armour
  5684 | D:5      | Found a runed translucent gate.
  5685 | D:5      | Found a runed translucent gate.
  5685 | D:5      | Found a runed translucent gate.
  5687 | D:5      | Noticed amijlee's ghost (novice HOFi)
  5693 | D:5      | Found a staircase to the Ecumenical Temple.
  5707 | Temple   | Entered the Ecumenical Temple
  5709 | Temple   | Reached skill level 5 in Shields
  5711 | Temple   | HP: 1/63 [orc priest/+0 whip (4)]
  6080 | Temple   | Became a worshipper of Trog the Wrathful
  6923 | D:2      | Bought a shimmering broad axe for 189 gold pieces
  6923 | D:2      | Identified the +11 broad axe of the Beast {venom, Str+2}
                  | (You bought it in a shop on level 2 of the Dungeon)
  6992 | D:3      | Killed Jingleheimer's ghost
  7097 | D:5      | Noticed a yak
  7101 | D:5      | Reached XP level 8. HP: 60/71 MP: 7/7
  7133 | D:5      | Reached * piety under Trog
  7791 | D:5      | Killed Pikel
  8097 | D:5      | Reached XP level 9. HP: 40/81 MP: 8/8
  8489 | D:6      | Found Kaerch's Armour Shop.
  8537 | D:6      | Noticed Grinder
  8545 | D:6      | Killed Grinder
  9173 | D:6      | Reached skill level 5 in Dodging
  9523 | D:7      | Reached ** piety under Trog
 10031 | D:7      | Found a glowing golden altar of the Shining One.
 10511 | D:8      | Reached XP level 10. HP: 53/91 MP: 9/9
 10731 | D:8      | Reached skill level 1 in Evocations
 11426 | D:8      | Found Ruextu Atzi's Antique Armour Emporium.
 11591 | D:8      | Bought a runed hat for 147 gold pieces
 11835 | D:9      | Reached skill level 10 in Fighting
 12100 | D:9      | Reached *** piety under Trog
 12140 | D:9      | Reached skill level 10 in Axes
 12143 | D:9      | Reached skill level 5 in Stealth
 12147 | D:9      | Noticed Maggie
 12733 | D:9      | Killed Maggie
 12989 | D:10     | Entered Level 10 of the Dungeon
 13059 | D:10     | Found Tyofe's Antique Armour Shoppe.
 13069 | D:10     | Reached XP level 11. HP: 52/101 MP: 10/10
 13084 | D:10     | HP: 7/151 [gargoyle/stone arrow (22)]
 13085 | D:10     | Mangled by a gargoyle

Illustrated notes

Levels and vault maps discovered:
D:1:      dpeg_arrival_rooms_with_view, layout_basic,
          chequers_ecumenical_altar_simple_redux
D:2:      layout_basic, serial_shops, nicolae_square_shop
D:3:      minmay_bubble_buster, layout_basic, gammafunk_ghost_split,
          chequers_hall_statues_corner_a, uniq_natasha
D:4:      layout_loops_ring, uniq_robin
D:5:      layout_basic, minmay_temple_entry_overgrown,
          gammafunk_ghost_necromancy, serial_shops, nicolae_shop_hallway_plus,
          eino_curves_02, minmay_chambers_of_fives
D:6:      layout_cave_pools, serial_gnoll_camp, gnoll_camp_huts_basic,
          gnoll_camp_mini_shop, gnoll_camp_mini_hut, gnoll_camp_mini_hut,
          kennysheep_generic_room_8, uniq_pikel, uniq_grinder
D:7:      layout_loops_cross, tso_altar, serial_bayou_ford_a
D:8:      layout_basic, serial_shops, nicolae_inconvenience_store
D:9:      layout_cave_pools, uniq_maggie
D:10:     layout_rooms, minmay_lair_entry_grove, serial_rivers,
          chequers_serial_rivers_micro_e, chequers_serial_rivers_marsh,
          chequers_serial_rivers_room_a, chequers_serial_rivers_small_3,
          chequers_serial_rivers_large_a, serial_shops, shop_fountains,
          nicolae_concentric_dashed_squares_wild, hangedman_decor_lopped,
          uniq_joseph
Temple:   regret_index_temple_sigil_plot

Skill      XL: |  1  2  3  4  5  6  7  8  9 10 |
---------------+-------------------------------+-----
Fighting       | 4 5 6 8 9 10 | 10.7
Axes           | 3 4 5 6 7 9 10 | 10.5
Dodging        | 1 2 3 4 5 6 |  6.3
Armour         | 4 5 6 7 8 |  8.0
Stealth        | 1 2 3 4 5 |  5.2
Shields        | 4 5 6 7 |  7.9
Evocations     | 2 |  2.6

Action                   |  1- 3 |  4- 6 |  7- 9 | 10-12 || total
-------------------------+-------+-------+-------+-------++-------
Melee: War axe           |    79 |   120 |    44 |       ||   243
       Headbutt          |    10 |    11 |    26 |     9 ||    56
       Broad axe         |       |       |   122 |   113 ||   235
Invok: Berserk           |       |       |       |     2 ||     2
  Use: Potion            |     1 |     1 |       |       ||     2
       Scroll            |       |       |     8 |     4 ||    12
 Stab: Distracted        |       |       |       |     1 ||     1
Armor: Scale mail        |    47 |    61 |    93 |    39 ||   240
Dodge: Dodged            |    39 |    47 |   111 |    64 ||   261
Block: Buckler           |    21 |    27 |    57 |    37 ||   142
